 Seeded DCSS version 0.26.1-2-gb8aa6d0cf2 (webtiles) character file.

Game seed: 13580442721858370627 (custom seed)

387 jmmainvi the Vexing (level 6, 28/28 HPs)
             Began as a Spriggan Enchanter on Feb 15, 2021.
             Quit the game on level 9 of the Dungeon.
             The game lasted 00:07:10 (2321 turns).

jmmainvi the Vexing (Spriggan Enchanter)            Turns: 2321, Time: 00:07:11

Health: 28/28      AC:  4    Str:  5    XL:     6   Next: 49%
Magic:  10/11      EV: 33    Int: 18    God:
Gold:   73         SH:  0    Dex: 16    Spells: 7/10 levels left

rFire    . . .     SeeInvis +   a - +1 dagger
rCold    + . .     Faith    .   (shield restricted)
rNeg     . . .     Spirit   .   b - +0 robe
rPois    .         Reflect  .   (helmet restricted)
rElec    .         Harm     .   g - +1 cloak
rCorr    .         Rampage  .   (gloves unavailable)
Will     +....                  (boots unavailable)
Stlth    ++++......             e - amulet of the acrobat
HPRegen  0.09/turn              m - ring of protection from cold
MPRegen  0.12/turn              (no ring)

@: acrobat, very quick
A: very small, unfitting armour, see invisible, speed 3
a: no special abilities


You were on level 9 of the Dungeon.
You visited 1 branch of the dungeon, and saw 7 of its levels.

You collected 73 gold pieces.

Inventory:

Hand Weapons
 a - a +1 dagger (weapon)
Missiles
 h - 7 datura-tipped darts
Armour
 b - a +0 robe (worn)
 g - a +1 cloak (worn)
Jewellery
 e - an amulet of the acrobat (around neck)
 m - a ring of protection from cold (left hand)
Scrolls
 d - 2 scrolls of identify {unknown}
 f - a scroll of blinking {unknown}
 i - a scroll of teleportation {unknown}
 j - a scroll of amnesia {unknown}
 l - a scroll of random uselessness {unknown}
Potions
 c - a potion of might {unknown}
 k - 3 potions of curing {unknown}
 n - a potion of heal wounds {unknown}
 o - a potion of brilliance {unknown}


   Skills:
 - Level 1.1 Short Blades
 - Level 3.0 Dodging
 + Level 6.9 Stealth
 - Level 2.6 Spellcasting
 * Level 6.9 Hexes
 + Level 2.3 Ice Magic


You had 7 spell levels left.
You knew the following spells:

 Your Spells              Type           Power        Failure   Level
a - Corona                Hex            30%          1%          1
b - Ensorcelled Hibernat  Hex/Ice        38%          3%          2

Your spell library contained the following spells:

 Spells                   Type           Power        Failure   Level
 Confusing Touch          Hex            27%          3%          3
 Tukima's Dance           Hex            27%          3%          3
 Dazzling Flash           Conj/Hex       28%          12%         3


Dungeon Overview and Level Annotations

Branches:
Dungeon (6/15)
 Temple: D:4-7

Altars:

Annotations:
D:3 1 transporter


Innate Abilities, Weirdness & Mutations

You are very small and have problems with some larger weapons.
You are too small for most types of armour.
You have supernaturally acute eyesight. (SInv)
You cover ground extremely quickly.


Message History

A giant cockroach comes into view.
The giant cockroach waves its antennae.
You climb downwards.
Found 7 gold pieces.
There is a stone staircase leading up here.
You now have 73 gold pieces (gained 7).
You open the door.
Found a long sword.
A hound comes into view.
There is an open door here.
You see here a long sword.
The helpless hound fails to defend itself.
You impale the hound!!
You kill the hound!
There is an open door here.
You fall into a shaft and drop 3 floors!
The shaft crumbles and collapses.
Found a scroll labelled JOS SERRUACS.
An unseen horror comes into view.
Are you sure you want to abandon this character and quit the game? (Confirm with "yes".)

..............
.....?.......
............
...........
..........
.........
#...x## #....#
#...@# ##...#
#####


You could see an unseen horror (invisible).

Vanquished Creatures
  An ogre (D:4)
  2 bullfrogs (D:5)
  A hound (D:6)
  3 worker ants
  3 adders (D:3)
  A white imp (D:5)
  An ooze (D:1)
  A leopard gecko (D:1)
  6 orcs
  5 bats
  4 giant cockroaches
  4 goblins
  3 hobgoblins
  A frilled lizard (D:4)
  A kobold (D:3)
  A rat (D:1)
38 creatures vanquished.

Vanquished Creatures (others)
  5 plants (D:3)
5 creatures vanquished.

Grand Total: 43 creatures vanquished

Notes
Turn   | Place    | Note
-------+----------+-------------------------------------------
     0 | D:1      | jmmainvi the Spriggan Enchanter began the quest for the
                  | Orb.
     0 | D:1      | Reached XP level 1. HP: 9/9 MP: 5/5
   144 | D:1      | Reached XP level 2. HP: 13/13 MP: 4/6
   147 | D:1      | Learned a level 2 spell: Ensorcelled Hibernation
   799 | D:3      | Reached skill level 5 in Stealth
   852 | D:2      | Noticed an orc warrior
   903 | D:3      | Reached XP level 3. HP: 9/16 MP: 1/8
  1384 | D:3      | Found a transporter.
  1457 | D:4      | Reached skill level 5 in Hexes
  1461 | D:4      | Reached skill level 1 in Ice Magic
  1558 | D:4      | Reached XP level 4. HP: 21/21 MP: 4/9
  1789 | D:5      | Entered Level 5 of the Dungeon
  1789 | D:5      | Noticed a bullfrog
  1789 | D:5      | Noticed an ogre
  1790 | D:5      | Killed a bullfrog
  1791 | D:5      | Reached XP level 5. HP: 24/24 MP: 10/10
  1829 | D:4      | Killed an ogre
  2042 | D:5      | Reached XP level 6. HP: 15/28 MP: 6/11
  2318 | D:6      | You fall into a shaft and drop 3 floors!
  2319 | D:9      | Noticed an unseen horror
  2321 | D:9      | Quit the game

Illustrated notes

Levels and vault maps discovered:
D:1:      minmay_arrival_four_loops, layout_loops_corners,
          nemelex_diamond_rough_becter
D:2:      layout_basic, minmay_crystal_room
D:3:      minmay_razor_zed, layout_basic, gammafunk_ghost_gnarly_gnolls,
          chequers_ecumenical_altar_twisty, trog_three_pillars_becter
D:4:      cheibrodos_quashed, layout_basic, moated_statue, uniq_duvessa
D:5:      lemuel_ratsnest, layout_loops_cross, led_xom_imps
D:6:      layout_gridville, temple_doors_cd, basic_altar, nrook_campfire
D:9:      minmay_the_grid_octo_tiled_octocenter [minmay_the_grid_octo_toaster,
          minmay_the_grid_octo_checkered, minmay_the_grid_octo_odd_swirl,
          minmay_the_grid_octo_checkerflower, minmay_the_grid_octo_prize_big_c,
          minmay_the_grid_square_5x5_misaligned, minmay_the_grid_square_5x5_z,
          minmay_the_grid_square_5x5_checkered,
          minmay_the_grid_square_5x5_trominoes], layout_cave_pools,
          nemelex_xobeh_ov_fountains_minmay, fedhas_altar_1, uniq_psyche,
          uniq_maggie

Skill      XL: |  1  2  3  4  5 |
---------------+----------------+-----
Hexes          | 4 5 6 |  6.9
Stealth        | 5 6 |  6.9
Ice Magic      | 1 2 |  2.3
Short Blades   | |  1.1
Dodging        | |  3.0
Spellcasting   | |  2.6

Action                   |  1- 3 |  4- 6 || total
-------------------------+-------+-------++-------
Melee: Dagger            |    59 |    30 ||    89
 Cast: Corona            |     1 |     1 ||     2
       Ensorcelled Hiber |    23 |    17 ||    40
 Stab: Sleeping          |    24 |     9 ||    33
Armor: Robe              |     4 |     3 ||     7
Dodge: Dodged            |    52 |    21 ||    73
